 Dungeon Crawl Stone Soup version 0.21-a0-142-gdd972a7 (webtiles) character file.

217 Manul the Shield-Bearer (level 5, -1/43 HPs)
             Began as a Demonspawn Fighter on July 22, 2017.
             Slain by an ogre
             ... wielding a +0 giant club
              (12 damage)
             ... on level 4 of the Dungeon.
             The game lasted 00:03:22 (3207 turns).

Manul the Shield-Bearer (Demonspawn Fighter)        Turns: 3207, Time: 00:03:23

Health: -1/43      AC: 14    Str: 16    XL:     5   Next: 62%
Magic:  5/5        EV:  7    Int: 15    God:
Gold:   162        SH:  9    Dex: 13    Spells: 4/4 levels left

rFire    . . .     SeeInvis .     - Unarmed
rCold    . . .     Gourm    .   b - +0 shield
rNeg     . . .     Faith    .   a - +0 scale mail
rPois    +         Spirit   .   (no helmet)
rElec    .         Reflect  .   (no cloak)
rCorr    .         Harm     .   (no gloves)
MR       .....                  y - +0 pair of boots
Stlth    ..........             h - amulet of regeneration
HPRegen  0.54/turn              t - ring of poison resistance
MPRegen  0.09/turn              j - +5 ring of protection

@: brilliant, flying, starving
A: claws 1, rugged brown scales 2
a: no special abilities


You were on level 4 of the Dungeon.
You were starving.

You visited 2 branches of the dungeon, and saw 5 of its levels.

You collected 162 gold pieces.

Inventory:

Armour
 a - a +0 scale mail (worn)
 b - a +0 shield (worn)
 y - a +0 pair of boots (worn)
Jewellery
 e - an uncursed ring of protection from cold
 h - an amulet of regeneration (around neck)
 j - a +5 ring of protection (right claw)
 m - an uncursed ring of wizardry
 t - a ring of poison resistance (left claw)
 A - an uncursed ring of magical power
Wands
 s - a wand of digging (8/24)
Scrolls
 f - a scroll of teleportation
 k - a scroll of recharging {unknown}
 n - 3 scrolls of identify
 u - a scroll of blinking {unknown}
 x - a scroll of fog {unknown}
 z - a scroll of remove curse
Potions
 c - 2 potions of might
 o - a potion of lignification {unknown}
 p - a potion of brilliance
 q - 2 potions of flight
 r - 2 potions of curing {unknown}
 v - a potion of magic {unknown}
 w - a potion of heal wounds {unknown}
Books
 g - a book of Conjurations

   Spells                             Type                      Level
   a - Magic Dart                     Conjuration                  1
   b - Searing Ray                    Conjuration                  2
   c - Dazzling Spray                 Conjuration/Hexes            3
   d - Fulminant Prism                Conjuration/Hexes            4
   e - Force Lance                    Conjuration/Translocation    4
   f - Iskenderun's Mystic Blast      Conjuration                  4
Comestibles
 d - 3 bread rations
 i - 2 meat rations
 l - 2 royal jellies


   Skills:
 + Level 3.4 Fighting
 + Level 3.1 Armour
 + Level 1.4 Dodging
 + Level 4.0 Shields
 + Level 3.4 Unarmed Combat


You had 4 spell levels left.
You didn't know any spells.

Dungeon Overview and Level Annotations

Branches:
Dungeon (4/15)             Temple (1/1) D:4

Altars:
Ashenzari
Cheibriados
Dithmenos
Elyvilon
Fedhas
Hepliaklqana
Kikubaaqudgha
Makhleb
Qazlal
Ru
Sif Muna
Uskayaw
Vehumet
Wu Jian
Xom
Yredelemnul
The Shining One


Innate Abilities, Weirdness & Mutations

You have sharp fingernails.
You are mostly covered in rugged brown scales. (AC +2, +5% HP)


Message History

You scratch the ogre.
The ogre is severely wounded.
You completely miss the ogre.
The ogre is severely wounded.
The ogre hits you with a giant club.
* * * LOW HITPOINT WARNING * * *
A quokka comes into view.
Unknown command.
It was a potion of flight.
You feel very buoyant.
You fly up into the air.
You block the ogre's attack.
Evoke which item? (* to show all) (? for menu, Esc to quit)
Okay, then.
It was a potion of brilliance.
You feel clever all of a sudden. The ogre hits you but does no damage.
You barely miss the ogre.
The ogre is severely wounded.
The ogre hits you with a giant club!
You die...

##...P.#.#.# #..PP##.#.#
####....##.#.#
..####...#.#.#
#.###......#.#
#.##.......#.### #.#
#..........# #O#
#....#.#.#.#
######@###........#.#
#..r.......>.##.###.#
...####.###.####.....#
#.# #.# #######
#######.# #.############
........###...........[.
...................####.
##########..###.........
#...##.........


You could see an ogre and a quokka.

Vanquished Creatures
  A bullfrog zombie (D:4)
  A hound (D:4)
  A worker ant (D:4)
  A howler monkey skeleton (D:4)
  4 adders (D:3)
  An ooze (D:3)
  An adder zombie (D:4)
  2 dart slugs
  3 leopard geckos
  An orc (D:3)
  2 bat zombies (D:2)
  A giant cockroach (D:3)
  11 goblins
  6 hobgoblins
  8 jackals
  A quokka (D:4)
  2 ball pythons
  7 bats
  5 frilled lizards
  4 kobolds
  A leopard gecko zombie (D:4)
  6 rats
  A rat zombie (D:2)
71 creatures vanquished.

Notes
Turn   | Place    | Note
-------+----------+-------------------------------------------
     0 | D:1      | Manul the Demonspawn Fighter began the quest for the Orb.
     0 | D:1      | Reached XP level 1. HP: 18/18 MP: 1/1
   211 | D:1      | Gained mutation: You are partially covered in rugged brown scales. (AC +1, +3% HP) [demonic ancestry]
   211 | D:1      | Reached XP level 2. HP: 18/24 MP: 2/2
   759 | D:2      | Gained mutation: You are mostly covered in rugged brown scales. (AC +2, +5% HP) [demonic ancestry]
   759 | D:2      | Reached XP level 3. HP: 23/30 MP: 3/3
   926 | D:2      | Reached skill level 3 in Shields
   971 | D:2      | Found a shadowy altar of Dithmenos.
  1464 | D:2      | Found an ancient bone altar of Kikubaaqudgha.
  1585 | D:3      | Reached skill level 1 in Dodging
  1763 | D:3      | Reached XP level 4. HP: 36/36 MP: 4/4
  1840 | D:3      | Found a deep blue altar of Sif Muna.
  2474 | D:4      | Gained mutation: You have sharp fingernails. [demonic ancestry]
  2474 | D:4      | Reached XP level 5. HP: 30/43 MP: 5/5
  2525 | D:4      | Found a staircase to the Ecumenical Temple.
  2557 | Temple   | Entered the Ecumenical Temple
  3096 | D:4      | Reached skill level 4 in Shields
  3193 | D:4      | Noticed an ogre
  3207 | D:4      | Slain by an ogre

Vault maps used:
D:1:      dpeg_arrival_signposts, corner_web_ring
D:2:      lemuel_zombie_altar_kikubaaqudgha, nicolae_overflow_crystal_walls,
          hangedman_abyss_or_decor_lesser_grid
D:3:      lemuel_crystal_altar, first_bread, serial_bayou,
          serial_bayou_crossing, serial_bayou_pond_d, serial_bayou_pond_b,
          serial_bayou_ford_a
D:4:      minmay_temple_entry_glassed_door, serial_undead, serial_undead_b,
          serial_undead_d, serial_undead_b, serial_undead_e, grunt_ministairs_12
Temple:   minmay_temple_curvy_branch

Skill      XL: |  1  2  3  4  5 |
---------------+----------------+-----
Unarmed Combat | 2 3 |  3.4
Shields        | 3 4 |  4.0
Dodging        | 1 |  1.4
Armour         | 3 |  3.1
Fighting       | |  3.4

Action                   |  1- 3 |  4- 6 || total
-------------------------+-------+-------++-------
Melee: Unarmed           |   239 |   201 ||   440
  Use: Scroll            |     4 |       ||     4
       Potion            |       |     2 ||     2
  Eat: Chunk             |     3 |     3 ||     6
Armor: Scale mail        |   135 |   137 ||   272
Dodge: Dodged            |    72 |    65 ||   137
Block: Shield            |   123 |   135 ||   258
